 Dungeon Crawl Stone Soup version 0.24.0-7-gb3623d2c88 (webtiles) character file.

Game seed: 3700785678617706769, levelgen mode: deterministic

114 Aviak the Skirmisher (level 4, -4/40 HPs)
             Began as a Draconian Abyssal Knight on Nov 2, 2019.
             Was a Believer of Lugonu.
             Killed by nerve-wracking pain
             ... invoked by an orc priest
              (13 damage)
             ... on level 2 of the Dungeon.
             The game lasted 00:02:11 (1689 turns).

Aviak the Skirmisher (Draconian Abyssal Knight)     Turns: 1689, Time: 00:02:12

Health: -4/40      AC:  6    Str: 14    XL:     4   Next: 66%
Magic:  6/6        EV: 13    Int: 13    God:    Lugonu [**....]
Gold:   137        SH:  0    Dex: 11    Spells: 3/3 levels left

rFire    . . .     SeeInvis .   a - +1 spear
rCold    . . .     Gourm    .   (no shield)
rNeg     . . .     Faith    .   (armour unavailable)
rPois    .         Spirit   .   (helmet restricted)
rElec    .         Reflect  .   d - +0 cloak
rCorr    .         Harm     .   (no gloves)
MR       .....                  (no boots)
Stlth    +.........             (no amulet)
HPRegen  0.13/turn              (no ring)
MPRegen  0.10/turn              (no ring)

@: no status effects
A: unfitting armour, cold-blooded, AC +5
a: Depart the Abyss, Bend Space, Renounce Religion


You were on level 2 of the Dungeon.
You worshipped Lugonu.
Lugonu was pleased with you.
You were not hungry.

You visited 1 branch of the dungeon, and saw 3 of its levels.
You visited the Abyss 1 time.

You collected 137 gold pieces.

Inventory:

Hand Weapons
 a - a +1 spear (weapon)
Armour
 d - a +0 cloak (worn)
Jewellery
 e - an uncursed amulet of faith {unknown}
 f - a +3 ring of intelligence {unknown}
Scrolls
 g - 2 scrolls of remove curse {unknown}
 i - 2 scrolls of magic mapping {unknown}
 k - a scroll of noise {unknown}
Potions
 c - a potion of flight {unknown}
 h - a potion of curing {unknown}
 j - a potion of cancellation {unknown}
 l - a potion of lignification {unknown}
Comestibles
 b - 7 rations
 m - 4 chunks of flesh


   Skills:
 + Level 4.1 Fighting
 + Level 3.0 Polearms
 + Level 3.0 Dodging
 + Level 3.1 Invocations


You had 3 spell levels left.
You didn't know any spells.
Your spell library was empty.

Dungeon Overview and Level Annotations

Branches:
Dungeon (3/15)

Altars:
Yredelemnul
Zin


Innate Abilities, Weirdness & Mutations

Your plain brown scales are hard. (AC +5)
You cannot fit into any form of body armour.
You are cold-blooded and may be slowed by cold attacks.


Message History

The orc priest hits you with a +0 whip.
You hit the orc priest.
The orc priest is almost dead.
The orc priest invokes the aid of Beogh against you.
Pain shoots through your body!
You hit the orc priest but do no damage.
You tail-slap the orc priest, but do no damage.
The orc priest is almost dead.
The orc priest looks satisfied for a moment.
You hit the orc priest but do no damage.
The orc priest is almost dead.
The orc priest invokes the aid of Beogh against you.
Beogh smites you!
* * * LOW HITPOINT WARNING * * *
Unknown command.
You hit the orc priest but do no damage.
The orc priest is almost dead.
The orc priest mumbles some strange prayers to Beogh against you.
Pain shoots through your body!
You die...

###########################
#............#.....##.[...##
..^...≈≈.......o@..........##
.....≈≈≈....................#
....≈≈≈≈≈....<..............#
...≈≈≈≈≈≈...................#
.≈≈≈≈≈≈≈≈...................#
≈≈§≈≈≈≈≈≈...................#
≈§≈≈≈≈≈≈≈.≈.................#
≈§§§§§≈≈≈§≈≈#..............##
§§§§§≈≈≈≈≈..........#.....##


You could see an orc priest.

Vanquished Creatures
  An orc wizard (D:3)
  A gnoll (D:1)
  2 adders (D:2)
  An adder skeleton (D:3)
  A worm (D:2)
  A dart slug (D:1)
  2 leopard geckos
  An orc (D:3)
  A giant cockroach (D:1)
  3 goblins (D:1)
  6 hobgoblins
  2 jackals (D:1)
  A quokka (D:2)
  8 bats
  9 frilled lizards
  2 kobolds (D:1)
  4 rats
46 creatures vanquished.

Notes
Turn   | Place    | Note
-------+----------+-------------------------------------------
     0 | Abyss:1  | Aviak the Draconian Abyssal Knight began the quest for the
                  | Orb.
     0 | Abyss:1  | Reached XP level 1. HP: 19/19 MP: 2/2
    17 | D:1      | Escaped the Abyss
   115 | D:1      | Reached XP level 2. HP: 5/26 MP: 3/3
   580 | D:1      | Reached ** piety under Lugonu
   768 | D:1      | Reached XP level 3. HP: 26/33 MP: 4/4
  1411 | D:2      | Reached XP level 4. HP: 38/40 MP: 6/6
  1517 | D:2      | Found a glowing silver altar of Zin.
  1518 | D:2      | Found a basalt altar of Yredelemnul.
  1620 | D:3      | Reached skill level 4 in Fighting
  1689 | D:2      | Killed from afar by an orc priest

Levels and vault maps discovered:
D:1:      moated_graveyard_arrival, layout_basic
D:2:      layout_rooms, gammafunk_temple_overflow_pools, lemuel_old_faithful
D:3:      layout_basic, ebering_ghost_disaster_area, serial_undead,
          serial_undead_a, serial_undead_b, serial_undead_c, serial_undead_b,
          trog_butcher_becter, uniq_grinder, uniq_natasha, uniq_robin

Skill      XL: |  1  2  3  4 |
---------------+-------------+-----
Fighting       | 4 |  4.1
Invocations    | 3 |  3.1
Polearms       | 3 |  3.0
Dodging        | 3 |  3.0

Action                   |  1- 3 |  4- 6 || total
-------------------------+-------+-------++-------
Melee: Spear             |   143 |    43 ||   186
       Tailslap          |    16 |     5 ||    21
  Use: Scroll            |     1 |       ||     1
 Stab: Sleeping          |     3 |     1 ||     4
  Eat: Chunk             |     2 |     1 ||     3
Armor: Skin              |    37 |    17 ||    54
Dodge: Dodged            |    97 |    28 ||   125
